Map: Ultralove

Players

Classic - Winner!

  • Race: Protoss Protoss
  • Spawn Location: 1:00

Serral

  • Race: Zerg Zerg
  • Spawn Location: 7:00

Event: DreamHack Dallas 2025

VOD

Have the link to the VOD?

Description

Time

  • Played on: May 25, 2025, 11:20 a.m.
  • Length: 8:57

All games in this series

Show
View Real Time Build Order
Export as new Build Order

Classic Protoss - Winner!

Build Orders: 1 Gate Expand, Oracle Opening 

Get SALT Encoding   

  12  0:00  Probe  
  13  0:12  Probe  
  14  0:18  Pylon  
  14  0:24  Probe  
  15  0:32  Probe  
  15  0:39  Gateway  
  15  0:40  Probe  
  16  0:46  Assimilator  
  17  0:50  Probe  
  18  1:03  Probe  
  19  1:15  Probe  
  20  1:24  Nexus  
  20  1:34  Cybernetics Core  
  20  1:37  Probe  
  21  1:42  Assimilator  
  21  1:49  Probe  
  21  1:53  Pylon  
  22  2:01  Probe, Adept  
  23  2:13  Probe  
  26  2:16  Stargate  
  26  2:24  Warp Gate  
  26  2:25  Probe  
  27  2:31  Adept  
  27  2:35  Probe  
  27  2:36  Probe  
  30  2:43  Probe  
  30  2:44  Probe  
  33  2:51  Probe  
  33  2:52  Oracle, Probe  
  35  3:03  Probe x2  
  40  3:05  Adept  
  40  3:12  Pylon  
  42  3:15  Probe x2  
  43  3:28  Probe x2  
  43  3:29  Gateway  
  45  3:35  Oracle  
  45  3:40  Probe x2  
  50  3:55  Nexus  
  50  3:57  Pylon  
  50  3:58  Probe x2  
  52  4:04  Assimilator  
  52  4:05  Oracle, Assimilator  
  52  4:11  Probe x2  
  57  4:18  Pylon  
  57  4:21  Stalker  
  57  4:23  Probe x2  
  61  4:34  Pylon  
  59  4:39  Stalker  
  59  4:43  Probe x2  
  63  4:49  Forge, Twilight Council  
  63  4:55  Probe x2  
  63  4:59  Adept  
  67  5:02  Adept  
  67  5:05  Probe x2  
  67  5:06  Shield Battery  
  69  5:08  Probe  
  69  5:13  Probe x2  
  72  5:20  Probe  
  75  5:24  Probe x2  
  77  5:32  Blink  
  77  5:33  Probe  
  78  5:36  Probe x2  
  78  5:39  Stalker x2  
  78  5:41  Protoss Ground Weapons Level 1  
  76  5:43  Gateway  
  76  5:45  Gateway, Probe  
  76  5:46  Templar Archives  
  76  5:48  Probe x2  
  77  5:51  Assimilator  
  77  5:55  Assimilator  
  77  5:57  Gateway x2, Probe  
  77  6:02  Psionic Storm  
  78  6:04  Stalker x2  
  78  6:08  Probe x2  
  78  6:09  Probe  
  78  6:10  Pylon  
  85  6:16  Robotics Facility  
  85  6:23  Gateway x2  
  85  6:29  Stalker x2  
  89  6:33  Pylon  
  89  6:35  Photon Cannon  
  89  6:39  High Templar x2  
  93  6:53  Warp Prism  
  93  6:56  High Templar x2  
  93  6:58  Pylon  
  93  7:01  Stalker  
  99  7:06  Stalker  
  103  7:11  Pylon  
  103  7:12  Pylon  
  103  7:16  Nexus  
  103  7:17  Pylon  
  103  7:26  Stalker x5  
  113  7:30  Shield Battery  
  113  7:37  Stalker x3  
  109  7:41  Pylon  
  113  7:52  Stalker x5  
  113  7:54  Probe x2  
  113  7:55  Probe  
  126  8:10  Stalker x2  
  126  8:11  Stalker  
  132  8:17  Stalker x4, Zealot  
  134  8:28  Archon  
  124  8:37  Stalker x4  
  126  8:42  Stalker x4  
Show
View Real Time Build Order
Export as new Build Order

Serral Zerg 

Build Orders: Hatch First 

Get SALT Encoding   

  12  0:00  Drone  
  13  0:08  Drone  
  14  0:14  Drone, Extractor  
  15  0:22  Overlord  
  15  0:42  Drone  
  16  0:45  Hatchery  
  16  0:49  Drone  
  16  0:53  Drone  
  16  0:56  Drone  
  18  1:06  Extractor  
  17  1:11  Spawning Pool  
  17  1:15  Drone  
  17  1:19  Drone  
  18  1:30  Drone  
  19  1:37  Drone  
  20  1:48  Drone  
  21  1:58  Queen x2  
  21  1:59  Overlord  
  21  2:01  Zergling x2  
  26  2:09  Drone  
  26  2:10  Zergling x2  
  26  2:13  Metabolic Boost  
  28  2:19  Drone  
  28  2:20  Drone  
  30  2:32  Drone  
  30  2:34  Queen  
  33  2:43  Hatchery  
  32  2:48  Overlord  
  32  2:49  Zergling x2  
  33  2:57  Spore Crawler  
  32  3:02  Drone  
  32  3:03  Drone  
  32  3:05  Zergling x2  
  36  3:10  Overlord  
  36  3:12  Drone  
  37  3:15  Drone x2  
  37  3:16  Drone  
  37  3:17  Drone  
  41  3:23  Drone  
  41  3:24  Drone  
  43  3:30  Spore Crawler  
  43  3:31  Queen  
  43  3:33  Queen  
  46  3:37  Drone, Spore Crawler  
  46  3:40  Drone  
  47  3:42  Drone  
  47  3:44  Zergling x2  
  47  3:45  Drone  
  50  3:49  Overlord  
  50  3:54  Drone x2  
  50  3:58  Drone x2  
  50  4:01  Drone  
  53  4:06  Drone x2  
  55  4:11  Spore Crawler  
  55  4:14  Zergling x2  
  55  4:15  Drone  
  55  4:16  Drone  
  55  4:17  Drone x3  
  60  4:20  Drone x2  
  62  4:24  Overlord  
  62  4:27  Zergling x2  
  62  4:32  Lair  
  62  4:34  Drone  
  62  4:37  Zergling x4  
  62  4:38  Drone  
  62  4:39  Drone  
  62  4:43  Roach Warren  
  62  4:44  Drone  
  63  4:45  Drone  
  63  4:46  Drone  
  63  4:48  Drone  
  66  4:54  Overlord  
  66  4:58  Overlord  
  66  5:00  Extractor  
  66  5:01  Extractor  
  66  5:04  Overlord  
  66  5:05  Drone  
  65  5:10  Zergling x2  
  65  5:11  Overlord  
  65  5:12  Queen  
  65  5:14  Zergling x10  
  73  5:16  Drone x2  
  73  5:20  Drone x3  
  73  5:21  Drone x2  
  80  5:22  Drone  
  80  5:26  Drone  
  81  5:34  Drone x2  
  80  5:37  Drone x2  
  80  5:40  Glial Reconstitution  
  80  5:42  Hatchery  
  78  5:43  Drone  
  78  5:44  Drone x2, Evolution Chamber  
  78  5:45  Extractor  
  78  5:47  Drone, Spore Crawler  
  79  5:50  Drone x5, Extractor  
  79  5:51  Drone x2  
  79  5:55  Overlord  
  79  5:56  Drone  
  86  5:57  Overseer  
  86  5:59  Drone  
  86  6:01  Overlord  
  87  6:06  Overlord  
  87  6:10  Overlord, Zerg Missile Weapons Level 1  
  87  6:14  Roach  
  87  6:17  Roach  
  91  6:20  Roach x3  
  91  6:24  Roach x6  
  109  6:27  Overlord  
  109  6:28  Overlord  
  109  6:32  Zergling x2  
  110  6:37  Roach x2  
  114  6:43  Zergling x2  
  114  6:45  Zergling x2  
  116  6:51  Infestation Pit  
  116  6:52  Zergling x6  
  116  6:53  Zergling x4  
  120  6:56  Drone x2  
  120  6:57  Drone x5  
  127  7:01  Drone x2  
  127  7:06  Drone  
  127  7:07  Drone  
  131  7:11  Hatchery  
  131  7:13  Drone x2  
  131  7:14  Hydralisk Den  
  131  7:16  Drone, Extractor x2  
  131  7:17  Drone x3  
  131  7:21  Overlord  
  133  7:23  Drone  
  133  7:24  Overlord x2  
  133  7:28  Drone x4, Extractor  
  137  7:31  Overlord  
  137  7:32  Overlord  
  137  7:34  Overlord  
  137  7:35  Drone  
  137  7:37  Overlord  
  136  7:41  Overlord, Hive  
  136  7:43  Muscular Augments  
  135  7:45  Spore Crawler  
  135  7:46  Hydralisk  
  136  7:51  Hydralisk x2  
  136  7:57  Drone  
  136  7:58  Hydralisk x2  
  143  7:59  Spine Crawler  
  143  8:01  Zergling x2, Roach  
  143  8:02  Roach  
  149  8:07  Hydralisk x3  
  149  8:08  Zergling x4  
  149  8:11  Hydralisk x2  
  159  8:16  Hydralisk x3  
  160  8:25  Zergling x14  
  149  8:28  Hydralisk, Zergling x2  
  149  8:29  Zergling x2  
Tags
 
Add a new tag
Caveats
  • Supply blocks, unpowered buildings, or Contaminate may cause inaccurate times.
  • Supply counts are checked every 10 seconds.